 Dungeon Crawl Stone Soup version 0.19-a0-1834-g6b7851e (webtiles) character file.

8347 jbasstz the Grappler (level 11, -9/109 HPs)
             Began as a Troll Fighter on Oct 8, 2016.
             Was an Elder of Trog.
             Mangled by a cyan ugly thing (16 damage)
             ... on level 11 of the Dungeon.
             The game lasted 00:48:25 (8073 turns).

jbasstz the Grappler (Troll Fighter)                Turns: 8073, Time: 00:48:26

Health: -9/109     AC:  4    Str: 27    XL:     11   Next: 8%
Magic:  7/7        EV: 12    Int:  4    God:    Trog [****..]
Gold:   488        SH: 10    Dex: 11    Spells: 0 memorised, 10 levels left

rFire  . . .     SeeInvis +       - Unarmed
rCold  . . .     Gourm    +     a - +0 robe
rNeg   . . .     Faith    .     b - +0 shield
rPois  .         Spirit   .     (helmet restricted)
rElec  .         Dismiss  .     (no cloak)
rCorr  .         Reflect  .     (gloves unavailable)
MR     .....     Harm     .     (boots unavailable)
Stlth  ++........ Rnd*Rage +    (no amulet)
                                (no ring)
                                e - ring of see invisible

@: no status effects
A: unfitting armour, claws 3, berserk 2, deformed body, fast metabolism 3,
gourmand, low mp 2, regeneration 1, shaggy fur 1, tough skin 2, no device heal
1, MP-powered wands
a: Berserk, Trog's Hand, Brothers in Arms, Burn Spellbooks, Renounce Religion


You were on level 11 of the Dungeon.
You worshipped Trog.
Trog was greatly pleased with you.
You were very full.

You visited 1 branch of the dungeon, and saw 11 of its levels.
You visited the Abyss 1 time.

You collected 596 gold pieces.
You spent 108 gold pieces at shops.

Inventory:

Hand Weapons
 D - a +0 dire flail of protection
Armour
 a - a +0 robe (worn)
 b - a +0 shield (worn)
Jewellery
 e - a ring of see invisible (left claw)
 A - an uncursed ring of ice
Wands
 u - a wand of flame (16/48)
 y - a wand of polymorph (14/24)
 z - a wand of digging (13/24)
 B - a wand of lightning (6/15)
 E - a wand of lightning (0/15)
 I - a wand of acid (9/15)
Scrolls
 f - 3 scrolls of remove curse {unknown}
 h - 2 scrolls of identify
 k - a scroll of immolation {unknown}
 l - 6 scrolls of teleportation {unknown}
 q - 3 scrolls of amnesia {unknown}
 s - 2 scrolls of blinking {unknown}
 w - 2 scrolls of torment {unknown}
 F - a scroll of noise {unknown}
 G - a scroll of summoning {unknown}
 H - a scroll of holy word {unknown}
 K - a scroll of magic mapping {unknown}
Potions
 c - 2 potions of might
 g - 4 potions of degeneration {unknown}
 j - 3 potions of invisibility {unknown}
 o - 4 potions of agility {unknown}
 t - a potion of cure mutation {unknown}
 v - 2 potions of mutation {unknown}
 x - 2 potions of cancellation {unknown}
 C - a potion of resistance {unknown}
Books
 J - a book of the Earth

   Spells                             Type                      Level
   a - Leda's Liquefaction            Hexes/Earth                  4
   b - Bolt of Magma                  Conjuration/Fire/Earth       5
   c - Statue Form                    Transmutation/Earth          6
   d - Iron Shot                      Conjuration/Earth            6
   e - Shatter                        Earth                        9
   Trog disapproves of the use of such an item.
Comestibles
 d - 9 bread rations
 i - 5 beef jerkies
 m - 3 royal jellies
 n - 4 fruits
 p - 6 meat rations
 r - 9 slices of pizza


   Skills:
 + Level 7.4 Fighting
 + Level 8.2 Dodging
 - Level 1.1 Stealth
 - Level 4.5 Shields
 + Level 10.9 Unarmed Combat


You had 10 spell levels left.
You didn't know any spells.

Dungeon Overview and Level Annotations

Branches:
Dungeon (11/15)            Temple (0/1) D:6             Orc (0/2) D:11
   Lair: D:8-11

Altars:
Ashenzari
Elyvilon
Fedhas
Hepliaklqana
Kikubaaqudgha
Makhleb
Sif Muna
Trog
Uskayaw
Xom
The Shining One

Shops:
D:9 (   D:10 %

Annotations:
D:10 Sonja


Innate Abilities, Weirdness & Mutations

You are too large for most types of armour.
You have claws for hands.
Your metabolism is lightning-fast.
You like to eat raw meat.
Your natural rate of healing is unusually fast.
You are covered in fur. (AC +1)
You have very tough skin. (AC +2)
[You often lose your temper in combat.]
[Armour fits poorly on your strangely shaped body.]
[Your magical capacity is very low. (-20% MP)]
[Potions and wands are less effective at restoring your health.]
[You expend magic power (3 MP) to strengthen your wands.]


Message History

The cyan ugly thing is severely wounded.
The cyan ugly thing stings you. The cyan ugly thing shocks you!
You closely miss the cyan ugly thing.
The cyan ugly thing is severely wounded.
The cyan ugly thing stings you! The cyan ugly thing shocks you!
You closely miss the cyan ugly thing.
The cyan ugly thing is severely wounded.
You block the cyan ugly thing's attack.
You barely miss the cyan ugly thing.
The cyan ugly thing is severely wounded.
The cyan ugly thing stings you!
* * * LOW HITPOINT WARNING * * *
The cyan ugly thing shocks you!
* * * LOW HITPOINT WARNING * * *
You are too injured to fight recklessly!
There is an open door here.
The cyan ugly thing stings you.
* * * LOW HITPOINT WARNING * * *
The cyan ugly thing shocks you!
You die...

# ###.###### #### #........#
#... ### ######## #........#
#... ..# #......# #........#
#... ..# #......# #........#
#.>. ..+ +......# #........#
#... ..# #......# #........#
#... <.# #(.....#
###........#####... ..#
#......###u@......>.....#...
..#
#.!....'...#........###.'...
..# #......#####........#
###... ### ###+####
#........# #### ####.#####
...# +###


You could see a cyan ugly thing.

Vanquished Creatures
  A wretched star (D:10)
  An unseen horror (D:10)
  A hill giant (D:10)
  The ghost of kae the Shield-Bearer, a novice FoFi (D:4)
  A worldbinder (Abyss:1)
  A large abomination (Abyss:1)
  Grinder (D:6)
  2 hippogriffs (D:8)
  5 yaks (D:10)
  A human (D:8)
  3 orc warriors
  A sky beast (D:7)
  5 ice beasts
  7 ogres
  3 centaurs
  3 bullfrogs
  A gnoll sergeant (D:5)
  A wyvern zombie (D:10)
  3 scorpions
  An electric eel (D:9)
  2 howler monkeys
  4 wights (D:7)
  4 crimson imps
  3 bullfrog zombies
  6 hounds
  4 orc priests
  A gnoll shaman (D:6)
  2 jellies
  A bullfrog skeleton (D:5)
  Crazy Yiuf (D:2)
  17 orc wizards
  A centaur skeleton (D:5)
  3 iguanas
  9 worker ants
  2 hound skeletons (D:6)
  2 worker ant zombies
  15 gnolls
  A howler monkey skeleton (D:3)
  12 adders
  A shadow imp (D:7)
  An ufetubus (Abyss:1)
  3 adder skeletons
  2 worms
  2 dart slugs
  9 leopard geckos
  53 orcs
  2 ball pythons (D:1)
  3 giant cockroaches
  7 goblins
  8 hobgoblins
  11 jackals
  4 quokkas
  2 bats
  9 frilled lizards
  A jackal skeleton (D:4)
  5 kobolds
  A quokka skeleton (D:5)
  3 rats
260 creatures vanquished.

Notes
Turn   | Place    | Note
-------+----------+-------------------------------------------
     0 | D:1      | jbasstz the Troll Fighter began the quest for the Orb.
     0 | D:1      | Reached XP level 1. HP: 22/22 MP: 0/0
   131 | D:1      | Reached XP level 2. HP: 29/29 MP: 1/1
   350 | D:1      | Reached XP level 3. HP: 36/36 MP: 2/2
   909 | D:2      | Found a runed door.
   913 | D:2      | Noticed Crazy Yiuf
   920 | D:2      | Killed Crazy Yiuf
   920 | D:2      | Reached XP level 4. HP: 9/44 MP: 3/3
  1028 | D:2      | Reached skill level 3 in Unarmed Combat
  1296 | D:3      | Reached XP level 5. HP: 45/50 MP: 4/4
  1530 | D:3      | Reached skill level 4 in Unarmed Combat
  1970 | D:4      | Noticed kae's ghost (novice FoFi)
  1982 | D:4      | Killed kae's ghost
  1982 | D:4      | Reached skill level 1 in Stealth
  1982 | D:4      | Reached skill level 5 in Unarmed Combat
  1982 | D:4      | Reached XP level 6. HP: 54/59 MP: 5/5
  1982 | D:4      | Reached XP level 7. HP: 60/66 MP: 6/6
  2184 | D:4      | Reached skill level 6 in Unarmed Combat
  2311 | D:4      | Found a bloodstained altar of Trog.
  2550 | D:4      | Reached XP level 8. HP: 64/75 MP: 7/7
  2677 | D:4      | Became a worshipper of Trog the Wrathful
  2700 | D:5      | Entered Level 5 of the Dungeon
  2733 | D:5      | Reached skill level 7 in Unarmed Combat
  2991 | D:5      | Reached * piety under Trog
  3385 | D:6      | Found a staircase to the Ecumenical Temple.
  3593 | D:6      | Reached skill level 5 in Dodging
  3593 | D:6      | Reached skill level 8 in Unarmed Combat
  3629 | D:6      | Noticed Grinder
  3635 | D:6      | Killed Grinder
  3635 | D:6      | Reached XP level 9. HP: 70/85 MP: 8/8
  4100 | D:7      | Reached ** piety under Trog
  4234 | D:7      | Found a burning altar of Makhleb.
  4353 | D:7      | Reached skill level 5 in Fighting
  4452 | D:7      | Found a glowing golden altar of the Shining One.
  4472 | D:7      | Reached skill level 9 in Unarmed Combat
  4924 | D:8      | Reached *** piety under Trog
  5266 | D:8      | Reached XP level 10. HP: 98/98 MP: 9/9
  5976 | D:9      | Found a shattered altar of Ashenzari.
  6136 | D:9      | Found Xyuteleg's Antique Weapon Boutique.
  6144 | D:9      | Bought a runed dire flail for 108 gold pieces
  6215 | D:9      | Found a shimmering altar of Xom.
  6216 | D:9      | Found a hazy altar of Hepliaklqana.
  6424 | D:9      | Found a deep blue altar of Sif Muna.
  6424 | D:9      | Found an ancient bone altar of Kikubaaqudgha.
  6425 | D:9      | Found a blossoming altar of Fedhas.
  6433 | D:9      | Found a white marble altar of Elyvilon.
  6434 | D:9      | Found a hide-covered altar of Uskayaw.
  6710 | D:10     | Entered Level 10 of the Dungeon
  6715 | D:10     | Found Satsify's Food Boutique.
  6811 | D:10     | Noticed a hill giant
  6821 | D:10     | Killed a hill giant
  6821 | D:10     | Reached skill level 10 in Unarmed Combat
  6966 | D:10     | HP: 5/100 [yak (7)]
  7161 | D:10     | Reached **** piety under Trog
  7371 | D:10     | Noticed an unseen horror
  7381 | D:10     | Killed an unseen horror
  7437 | D:10     | Noticed Sonja
  7438 | D:10     | Cast into level 1 of the Abyss (Sonja)
  7478 | Abyss:1  | Noticed a worldbinder
  7489 | Abyss:1  | Killed a worldbinder
  7516 | Abyss:1  | Noticed a large abomination
  7519 | Abyss:1  | Killed a large abomination
  7543 | Abyss:1  | Noticed an ancient lich
  7544 | Abyss:1  | Noticed a wretched star
  7548 | D:10     | Escaped the Abyss
  7558 | D:10     | Killed a wretched star
  7558 | D:10     | Reached XP level 11. HP: 56/109 MP: 7/7
  7941 | D:11     | Found a staircase to the Orcish Mines.
  8056 | D:11     | Noticed a cyan ugly thing
  8073 | D:11     | Mangled by a cyan ugly thing

Vault maps used:
D:1:      elethiomel_arrival_infinity_welcomes_careful_drivers
D:2:      first_bread, minivault_24, uniq_crazy_yiuf_cottage
D:3:      grunt_ministairs_10
D:4:      kennysheep_mini
D:5:      cheibrodos_quashed
D:6:      uniq_grinder
D:7:      tso_oasis_becter, lemuel_crystal_altar, grunt_ministairs_3
D:8:      grunt_pizzeria
D:9:      regret_index_temple_of_mockery, grunt_temple_overflow_open,
          serial_shops, shop_fountains
D:10:     serial_shops, shop, uniq_sonja
D:11:     erik_lair_orcish_takeover, orc_0_dummy
Abyss:1:  grunt_abyss_exit_deep_breaths

Skill      XL: |  1  2  3  4  5  6  7  8  9 10 |
---------------+-------------------------------+-----
Shields        | 3 4 |  4.5
Unarmed Combat | 3 5 6 8 9 10 | 10.9
Dodging        | 3 5 6 8 |  8.2
Stealth        | 1 |  1.1
Fighting       | 3 4 5 7 |  7.4

Action                   |  1- 3 |  4- 6 |  7- 9 | 10-12 || total
-------------------------+-------+-------+-------+-------++-------
Melee: Unarmed           |    93 |   116 |   429 |   253 ||   891
       Punch             |       |       |     1 |       ||     1
  Use: Potion            |       |     1 |     3 |     3 ||     7
       Scroll            |       |       |     3 |     3 ||     6
 Stab: Distracted        |     1 |       |       |       ||     1
       Sleeping          |       |     3 |     1 |     3 ||     7
  Eat: Chunk             |    13 |     9 |    32 |    25 ||    79
Armor: Robe              |    30 |    15 |    90 |    30 ||   165
Dodge: Dodged            |    37 |    22 |   186 |    93 ||   338
Block: Shield            |    35 |    31 |   166 |   110 ||   342
